 Dungeon Sprint DCSS version 0.21-a0-153-g78480df (webtiles) character file.

28532 KristoblXynda the Fencer (level 13, -5/96 HPs)
             Began as a Demonspawn Gladiator on June 16, 2017.
             Was the Champion of Yredelemnul.
             Slain by Rokesk the pandemonium lord (32 damage)
             ... in the Dungeon (Sprint V: "Ziggurat Sprint") on Aug 1, 2017.
             The game lasted 00:19:43 (1084 turns).

KristoblXynda the Fencer (Demonspawn Gladiator)     Turns: 1084, Time: 00:19:46

Health: -5/96      AC: 28    Str: 30    XL:     13   Next: 10%
Magic:  32/32      EV:  5    Int: 24    God:    Yredelemnul [******]
Gold:   0          SH: 36    Dex: 15    Spells: 6/14 levels left

rFire    + . .     SeeInvis +   b - +9 demon blade (freeze)
rCold    + . .     Gourm    .   B - +18 shield of the Gong {rElec rN+ MR+ EV-5}
rNeg     + . .     Faith    .   l - +5 gold dragon scales
rPois    +         Spirit   .   I - +3 hat of Pondering {ponderous, MR+ MP+10 Int+5}
rElec    +         Reflect  +   (no cloak)
rCorr    .         Harm     .   (no gloves)
MR       +....     NoTele   +   (boots unavailable)
Stlth    ..........             E - amulet "Qoef" {Reflect MR- Int+6 SH+3}
HPRegen  1.26/turn              G - +6 ring of strength
MPRegen  0.23/turn              F - +6 ring of strength

@: injury mirror, slowed, wreathed by umbra, very slow
A: claws 1, hooves 3, horns 2, see invisible, foul stench 1, poison resistance,
powered by death 2, electricity resistance, strong 1, rot immunity
a: Recall Undead Slaves, Injury Mirror, Animate Dead, Drain Life, Enslave Soul,
Renounce Religion


You were in the Dungeon.
You worshipped Yredelemnul.
Yredelemnul was exalted by your worship.
You were hungry.

You visited 1 branch

Inventory:

Hand Weapons
 b - a +9 demon blade of freezing (weapon)
Missiles
 d - 3 throwing nets (quivered)
Armour
 l - +5 gold dragon scales (worn)
 B - the +18 shield of the Gong (worn) {rElec rN+ MR+ EV-5}
   (You found it in the Dungeon)

   It affects your evasion (-5).
   It insulates you from electricity.
   It protects you from negative energy.
   It affects your resistance to hostile enchantments.
 I - the +3 hat of Pondering (worn) {ponderous, MR+ MP+10 Int+5}
   (You found it in the Dungeon)

   It affects your intelligence (+5).
   It affects your resistance to hostile enchantments.
   It affects your magic capacity (+10).
Jewellery
 m - the ring of Wymmu {+Blink +Inv rN+ Int-4}
   (You found it in the Dungeon)

   [ring of positive energy]

   It affects your intelligence (-4).
   It protects you from negative energy.
   It lets you turn invisible.
   It lets you blink.
 E - the amulet "Qoef" (around neck) {Reflect MR- Int+6 SH+3}
   (You found it in the Dungeon)

   [amulet of reflection]

   It shields you and reflects attacks.
   It affects your intelligence (+6).
   It affects your resistance to hostile enchantments.
   It affects your SH (+3).
 F - a +6 ring of strength (right claw)
 G - a +6 ring of strength (left claw)
 M - the ring of Iqebb {*Corrode rElec rC+ Str+4 Stlth+}
   (You found it in the Dungeon)

   [ring of protection from cold]

   It affects your strength (+4).
   It protects you from cold.
   It insulates you from electricity.
   It may corrode you when you take damage.
   It makes you more stealthy.
Scrolls
 k - 3 scrolls of blinking
 t - 4 scrolls of amnesia
 u - 3 scrolls of recharging
 v - 7 scrolls of fog
 w - 5 scrolls of identify
 x - 5 scrolls of remove curse
 y - 2 scrolls of fear
 L - a scroll of brand weapon
 O - 4 scrolls of enchant weapon
Potions
 e - 9 potions of curing
 g - 10 potions of heal wounds
 h - 10 potions of haste
 i - 7 potions of magic
 j - a potion of berserk rage
 n - 2 potions of brilliance
 o - 2 potions of invisibility
 p - 3 potions of resistance
 r - 5 potions of agility
 s - 5 potions of might
Books
 a - a Necronomicon

   Spells                             Type                      Level
   a - Haunt                          Necromancy/Summoning         7
   b - Borgnjor's Revivification      Necromancy                   8
   c - Death's Door                   Charms/Necromancy            8
   d - Infestation                    Necromancy                   8
   e - Necromutation                  Transmutation/Necromancy     8
 C - a book of Annihilations

   Spells                             Type                      Level
   a - Poison Arrow                   Conjuration/Poison           6
   b - Chain Lightning                Conjuration/Air              8
   c - Lehudib's Crystal Spear        Conjuration/Earth            8
   d - Glaciate                       Conjuration/Ice              9
   e - Fire Storm                     Conjuration/Fire             9
 D - a book of Burglary

   Spells                             Type                      Level
   a - Swiftness                      Charms/Air                   2
   b - Passwall                       Transmutation/Earth          2
   c - Passage of Golubria            Translocation                4
   d - Lee's Rapid Deconstruction     Earth                        5
   e - Darkness                       Hexes                        6
   f - Invisibility                   Hexes                        6
Miscellaneous
 c - 3 phantom mirrors
 q - a lamp of fire
 H - 2 boxes of beasts
 N - a fan of gales
Comestibles
 f - 5 bread rations
 z - 42 fruits
 A - 4 meat rations


   Skills:
 - Level 7.1 Fighting
 + Level 16.4 Long Blades
 - Level 1.7 Throwing
 + Level 16.2 Armour
 - Level 6.0 Dodging
 - Level 15.2 Shields
 + Level 1.2 Spellcasting
 + Level 1.4 Necromancy
 - Level 12.9 Invocations
 - Level 10.4 Evocations


You had 6 spell levels left.
You knew the following spells:

 Your Spells              Type           Power        Failure   Level  Hunger
a - Necromutation         Tmut/Necr      #.........   100%        8    #######


Dungeon Overview and Level Annotations

Branches:
Dungeon (1/1)

Altars:
Ashenzari
Cheibriados
Dithmenos
Elyvilon
Fedhas
Gozag
Hepliaklqana
Kikubaaqudgha
Makhleb
Nemelex Xobeh
Okawaru
Qazlal
Ru
Sif Muna
Trog
Uskayaw
Vehumet
Wu Jian
Xom
Yredelemnul
Zin
The Shining One
Beogh
Jiyva
Lugonu


Innate Abilities, Weirdness & Mutations

You have sharp fingernails.
You have hooves in place of feet.
You have a pair of horns on your head.
You may emit foul miasma when damaged in melee.
You regenerate health from kills.
You are immune to rotting.
You have supernaturally acute eyesight. (SInv)
Your system is resistant to poisons. (rPois)
You are resistant to electric shocks. (rElec)
Your muscles are strong. (Str +2)


Message History

Your profane servitor closely misses Geicoom.
You feel much better.
You are engulfed in blazing flames.
You resist.
* * * LOW HITPOINT WARNING * * *
The sixfirhy hits your phantasmal warrior!
The sixfirhy shocks your phantasmal warrior!
Yredelemnul mirrors your injury!
Bateilah is lightly wounded.
The sixfirhy hits your phantasmal warrior!
The sixfirhy shocks your phantasmal warrior!
Your phantasmal warrior is destroyed!
The sixfirhy closely misses your skeletal warrior.
The orb of destruction hits Avaw.
You block Avaw's attack.
SHROANNG!
Ryzukui is engulfed in blazing flames.
You block Ryzukui's attack.
GONNNNG!
Your vampire knight is engulfed in blazing flames.
Geicoom hits your profane servitor!!!
Rokesk is engulfed in blazing flames.
Rokesk hits you!!
You die...
Your body rises from the dead as a mindless zombie.

▓..:|..):
3.=))=:):)D|[..▓......WW
..|[)r)&4)&[:..▓....VWW.
...25634&43....▓......[.
...&&l3&16.....▓...)..).
...24.&1§&&&...▓........
...5l§5.§W.....▓........
....3§&&&§.....▓........
...Wz§&@&§.....▓........
.....A.WnAW....▓........
...▓.)nnnV.▓...▓......©.
. ▓.▓...§.▓.▓ .▓▓▓▓▓▓▓▓▓
...▓.....§.▓...▓.....8©8
...............▓.:"}:||:
.......©.......▓....:):)
▓▓▓▓▓▓▓▓▓▓▓▓▓▓▓▓.......V
▓.....VV.


You could see Astawnog, Avaw, Bateilah, Boupugan, Eseinur, Geicoom, Hiciloys,
Hoysoh, Kelly, Muofif, Rokesk, Ryzukui, Tuonwyisch, Waoxid (invisible), Zucseh
Monn, a Hell Sentinel, a shadow dragon, an Ice Fiend, a hell beast, an infernal
black sun, a blizzard demon, 2 soul eaters, an infernal demonspawn, 2 orange
demons, 2 hellwings, a sixfirhy, a smoke demon, a ynoxinul, 3 ufetubi, a leopard
gecko, a frilled lizard, a rat, 2 friendly profane servitors, 4 friendly ghouls,
a friendly vampire knight, a friendly skeletal warrior, 2 friendly flayed ghosts
and 2 friendly phantasmal warriors.

Vanquished Creatures
  A death cob (D)
  An Executioner (D)
  A fire giant (D)
  An azure jelly (D)
  A death ooze (D)
  A vampire mage (D)
  A deep elf knight (D)
  A skeletal warrior (D)
  A deep elf archer (D)
  3 deep elf magi (D)
  A shining eye (D)
  An ugly thing (D)
  A moth of wrath (shapeshifter) (D)
  A rust devil (D)
  A spiny frog (D)
  A red devil (D)
  2 ancient zymes (D)
  A slime creature (D)
  A large abomination (D)
  A shadow (D)
  A basilisk (shapeshifter) (D)
  A flying skull (D)
  A fire elemental (D)
  A porcupine (D)
  A phantom (D)
  A necrophage (D)
  2 wights (D)
  3 orc priests (D)
  4 orc wizards (D)
  An adder skeleton (D)
  An adder zombie (D)
  4 orcs (D)
  A bat skeleton (D)
  2 bat zombies (D)
  2 giant cockroach zombies (D)
  A fire vortex (D)
50 creatures vanquished.

Vanquished Creatures (collateral kills)
  2 acid blobs (D)
  3 fire giants (D)
  A balrug (D)
  A black draconian (D)
  5 fire dragons (D)
  A dancing weapon (D)
  2 vampire magi (D)
  A hell hog (D)
  A thrashing horror (D)
  A hell knight (D)
  2 wretched stars (D)
  An iron golem (D)
  A skeletal warrior (D)
  A deep elf archer (D)
  3 necromancers (D)
  A deep elf mage (D)
  2 ugly things (D)
  4 draconians (D)
  A black mamba (D)
  A spiny frog (D)
  An eye of devastation (D)
  A hellion (D)
  2 komodo dragons (D)
  A rime drake (D)
  4 efreet (D)
  3 tormentors (D)
  3 red devils (D)
  An ice devil (D)
  A freezing wraith (D)
  A polar bear (D)
  4 slime creatures (D)
  A dream sheep (D)
  A hippogriff (D)
  2 flying skulls (D)
  4 shadows (D)
  2 large abominations (D)
  A yak (D)
  A wraith (D)
  A golden eye (shapeshifter) (D)
  2 neqoxecs (D)
  A fire elemental (D)
  A basilisk (D)
  3 hell hounds (D)
  2 water moccasins (D)
  An ogre (shapeshifter) (D)
  5 necrophages (D)
  A wolf (D)
  2 small abominations (D)
  3 bullfrogs (D)
  3 wights (D)
  3 starcursed masses (D)
  A jelly (D)
  2 iron imps (D)
  An iguana (D)
  2 mummies (D)
  A river rat (D)
  A shadow imp (D)
  3 white imps (D)
  An ooze (D)
  2 adder skeletons (D)
  4 adder zombies (D)
  An orc (D)
  2 bat skeletons (D)
  3 bat zombies (D)
  3 jackals (D)
  A ball python skeleton (D)
  2 giant cockroach zombies (D)
  A jackal skeleton (D)
  3 leopard gecko skeletons (D)
  3 leopard gecko zombies (D)
134 creatures vanquished.

Vanquished Creatures (others)
  A ghoul (D)
  4 vampire knights (D)
  2 skeletal warriors (D)
  6 phantasmal warriors (D)
  3 flayed ghosts (D)
  A rust devil (D)
  A wraith (D)
  16 flying skulls (D)
  A vampire (D)
  A wight (D)
  A mummy (D)
  A bat skeleton (D)
  3 fire vortices (D)
41 creatures vanquished.

Grand Total: 225 creatures vanquished

Notes
Turn   | Place    | Note
-------+----------+-------------------------------------------
     0 | D        | KristoblXynda the Demonspawn Gladiator began the quest for the Orb.
     0 | D        | Reached XP level 1. HP: 16/16 MP: 1/1
     5 | D        | Found a blossoming altar of Fedhas.
     9 | D        | Found a deep blue altar of Sif Muna.
     9 | D        | Found a sacrificial altar of Ru.
     9 | D        | Found a bloodstained altar of Trog.
     9 | D        | Found a stormy altar of Qazlal.
     9 | D        | Found an iron altar of Okawaru.
     9 | D        | Found a sparkling altar of Nemelex Xobeh.
    11 | D        | Found a transporter.
    11 | D        | Found an ancient bone altar of Kikubaaqudgha.
    11 | D        | Found a viscous altar of Jiyva.
    11 | D        | Found a corrupted altar of Lugonu.
    11 | D        | Found a hazy altar of Hepliaklqana.
    11 | D        | Found a burning altar of Makhleb.
    11 | D        | Found an opulent altar of Gozag.
    58 | D        | Gained mutation: You are immune to rotting. [demonic ancestry]
    58 | D        | Reached XP level 2. HP: 22/22 MP: 2/2
    80 | D        | Became a worshipper of Yredelemnul the Dark
    93 | D        | Entered arena 2.
    93 | D        | Noticed a deep elf knight
    93 | D        | Noticed a deep elf mage
    93 | D        | Found a transporter.
    96 | D        | Killed a deep elf mage
    96 | D        | Gained mutation: You regenerate a little health from kills. [demonic ancestry]
    96 | D        | Reached XP level 3. HP: 16/27 MP: 3/3
    96 | D        | Reached XP level 4. HP: 20/33 MP: 4/4
    96 | D        | Reached XP level 5. HP: 23/38 MP: 5/5
    96 | D        | Gained mutation: You may emit foul miasma when damaged in melee. [demonic ancestry]
    96 | D        | Reached XP level 6. HP: 27/44 MP: 6/6
   113 | D        | Killed a deep elf knight
   113 | D        | Reached XP level 7. HP: 50/50 MP: 7/7
   160 | D        | Entered arena 3.
   160 | D        | Found a transporter.
   164 | D        | Reached * piety under Yredelemnul
   168 | D        | Gained mutation: You regenerate health from kills. [demonic ancestry]
   168 | D        | Reached XP level 8. HP: 55/56 MP: 8/8
   182 | D        | Entered arena 4.
   182 | D        | Found a transporter.
   187 | D        | Reached ** piety under Yredelemnul
   240 | D        | Reached skill level 10 in Long Blades
   240 | D        | Reached skill level 1 in Invocations
   260 | D        | Entered arena 5.
   260 | D        | Found a transporter.
   263 | D        | Reached *** piety under Yredelemnul
   285 | D        | Entered arena 6.
   285 | D        | Found a transporter.
   292 | D        | Reached **** piety under Yredelemnul
   296 | D        | Received a gift from Yredelemnul (a wight)
   299 | D        | Received a gift from Yredelemnul (5 flying skulls)
   305 | D        | Entered arena 7.
   305 | D        | Noticed a large abomination
   306 | D        | Found a transporter.
   310 | D        | Reached ***** piety under Yredelemnul
   311 | D        | Received a gift from Yredelemnul (4 flying skulls)
   314 | D        | Received a gift from Yredelemnul (a mummy)
   314 | D        | Received a gift from Yredelemnul (a wraith)
   315 | D        | Killed a large abomination
   319 | D        | Got the amulet "Qoef" {Reflect MR- Int+6 SH+3}
   326 | D        | Entered arena 8.
   326 | D        | Noticed a draconian
   326 | D        | Noticed a death cob
   326 | D        | Noticed a draconian
   326 | D        | Noticed a draconian
   326 | D        | Noticed a draconian
   326 | D        | Noticed a black draconian
   327 | D        | Found a transporter.
   337 | D        | Killed a draconian
   337 | D        | Reached skill level 10 in Armour
   337 | D        | Reached skill level 10 in Shields
   337 | D        | Reached skill level 5 in Invocations
   338 | D        | Killed a death cob
   338 | D        | Gained mutation: You have large cloven feet. [demonic ancestry]
   338 | D        | Reached XP level 9. HP: 25/61 MP: 11/15
   338 | D        | Received a gift from Yredelemnul (5 flying skulls)
   340 | D        | Killed a draconian
   343 | D        | Killed a draconian
   345 | D        | Killed a black draconian
   345 | D        | Killed a draconian
   372 | D        | Entered arena 9.
   372 | D        | Noticed a wind drake
   372 | D        | Noticed a vampiric long sword
   372 | D        | Noticed a deep elf mage
   372 | D        | Noticed a deep elf archer
   372 | D        | Noticed a deep elf archer
   372 | D        | Noticed a deep elf mage
   372 | D        | Noticed a deep elf mage
   373 | D        | Found a transporter.
   381 | D        | Killed a deep elf mage
   381 | D        | Reached skill level 10 in Invocations
   381 | D        | Gained mutation: You have sharp fingernails. [demonic ancestry]
   381 | D        | Reached XP level 10. HP: 37/67 MP: 17/17
   383 | D        | Noticed a moth of wrath
   383 | D        | a wind drake changed into a moth of wrath
   384 | D        | Killed a deep elf mage
   385 | D        | Received a gift from Yredelemnul (a wraith)
   388 | D        | Killed a deep elf mage
   395 | D        | Killed a moth of wrath
   395 | D        | Reached ****** piety under Yredelemnul
   395 | D        | Received a gift from Yredelemnul (3 flying skulls)
   396 | D        | Killed a deep elf archer
   401 | D        | Killed a vampiric long sword
   404 | D        | Killed a deep elf archer
   437 | D        | Entered arena 10.
   437 | D        | Noticed a white ugly thing
   437 | D        | Noticed an orb spider
   437 | D        | Noticed a white ugly thing
   437 | D        | Noticed a brown ugly thing
   438 | D        | Found a transporter.
   447 | D        | Killed a brown ugly thing
   448 | D        | Received a gift from Yredelemnul (a vampire)
   450 | D        | Killed a white ugly thing
   451 | D        | Received a gift from Yredelemnul (a vampire)
   454 | D        | Killed a white ugly thing
   456 | D        | Received a gift from Yredelemnul (a phantasmal warrior)
   456 | D        | an orb spider changed into a golden eye
   457 | D        | Gained mutation: Your magical capacity is low. (-10% MP) [a neqoxec]
   459 | D        | Gained mutation: You possess an exceptional clarity of mind. [a neqoxec]
   466 | D        | Received a gift from Yredelemnul (a phantasmal warrior)
   466 | D        | Received a gift from Yredelemnul (a vampire)
   489 | D        | Gained mutation: You have supernaturally acute eyesight. (SInv) [mutagenic meat]
   490 | D        | Gained mutation: Your muscles are strong. (Str +2) [mutagenic meat]
   491 | D        | Gained mutation: You are resistant to electric shocks. (rElec) [mutagenic meat]
   492 | D        | Lost mutation: Your magical capacity is low. (-10% MP) [mutagenic meat]
   494 | D        | Lost mutation: You possess an exceptional clarity of mind. [mutagenic meat]
   495 | D        | Gained mutation: You have a pair of small horns on your head. [mutagenic meat]
   496 | D        | Gained mutation: You have a pair of horns on your head. [mutagenic meat]
   497 | D        | Gained mutation: Your system is resistant to poisons. (rPois) [mutagenic meat]
   506 | D        | Entered arena 11.
   506 | D        | Noticed a spiny frog
   507 | D        | Found a transporter.
   511 | D        | Received a gift from Yredelemnul (a vampire)
   511 | D        | Killed a spiny frog
   512 | D        | Received a gift from Yredelemnul (a wraith)
   519 | D        | Got the cursed ring "Kiawiw" {MR+ EV-3}
   522 | D        | Entered arena 12.
   523 | D        | Noticed an iron golem
   525 | D        | Received a gift from Yredelemnul (a vampire knight)
   526 | D        | Gained mutation: You have hoof-like feet. [demonic ancestry]
   526 | D        | Reached XP level 11. HP: 72/72 MP: 20/20
   527 | D        | Found a transporter.
   533 | D        | Received a gift from Yredelemnul (a skeletal warrior)
   533 | D        | Received a gift from Yredelemnul (a ghoul)
   533 | D        | Received a gift from Yredelemnul (a flayed ghost)
   533 | D        | Received a gift from Yredelemnul (a vampire knight)
   533 | D        | Received a gift from Yredelemnul (a vampire knight)
   534 | D        | Reached skill level 1 in Evocations
   540 | D        | Killed an iron golem
   558 | D        | Entered arena 13.
   558 | D        | Noticed a large abomination
   559 | D        | Noticed a wretched star
   559 | D        | Noticed a wretched star
   559 | D        | Noticed a thrashing horror
   559 | D        | Noticed a starcursed mass
   560 | D        | Found a transporter.
   564 | D        | Received a gift from Yredelemnul (a flayed ghost)
   564 | D        | Killed a large abomination
   566 | D        | Killed a thrashing horror
   568 | D        | Killed a wretched star
   570 | D        | Received a gift from Yredelemnul (a flayed ghost)
   574 | D        | Killed a wretched star
   575 | D        | Received a gift from Yredelemnul (a profane servitor)
   578 | D        | Received a gift from Yredelemnul (a vampire)
   578 | D        | Received a gift from Yredelemnul (a phantasmal warrior)
   578 | D        | Killed a starcursed mass
   673 | D        | Entered arena 14.
   673 | D        | Noticed a vampire mage
   674 | D        | Noticed a skeletal warrior
   675 | D        | Noticed a necromancer
   675 | D        | Noticed a necromancer
   675 | D        | Noticed a necromancer
   676 | D        | Received a gift from Yredelemnul (a ghoul)
   676 | D        | Found a transporter.
   676 | D        | Killed a vampire mage
   676 | D        | Reached skill level 5 in Evocations
   678 | D        | Received a gift from Yredelemnul (a ghoul)
   679 | D        | Killed a necromancer
   682 | D        | Received a gift from Yredelemnul (a ghoul)
   682 | D        | Killed a skeletal warrior
   682 | D        | Killed a necromancer
   683 | D        | Received a gift from Yredelemnul (a phantasmal warrior)
   685 | D        | Received a gift from Yredelemnul (a vampire knight)
   685 | D        | Killed a necromancer
   695 | D        | Entered arena 15.
   695 | D        | Noticed a vampire mage
   696 | D        | Noticed a vampire mage
   700 | D        | Found a transporter.
   701 | D        | Received a gift from Yredelemnul (a vampire)
   701 | D        | Received a gift from Yredelemnul (a vampire)
   702 | D        | Noticed a jiangshi
   702 | D        | Killed a vampire mage
   702 | D        | Killed a vampire mage
   704 | D        | Received a gift from Yredelemnul (a ghoul)
   705 | D        | Received a gift from Yredelemnul (a phantasmal warrior)
   707 | D        | Received a gift from Yredelemnul (a ghoul)
   719 | D        | Entered arena 16.
   724 | D        | Received a gift from Yredelemnul (a bone dragon)
   724 | D        | Received a gift from Yredelemnul (a profane servitor)
   724 | D        | Received a gift from Yredelemnul (a vampire knight)
   726 | D        | Received a gift from Yredelemnul (a phantasmal warrior)
   727 | D        | Found a transporter.
   728 | D        | Received a gift from Yredelemnul (a ghoul)
   737 | D        | Entered arena 17.
   740 | D        | Noticed a death ooze
   741 | D        | Noticed an acid blob
   741 | D        | Noticed an acid blob
   741 | D        | Noticed a shining eye
   741 | D        | Noticed an azure jelly
   742 | D        | Found a transporter.
   744 | D        | Killed a death ooze
   747 | D        | Mutation became permanent: You have a pair of small horns on your head. [demonic ancestry]
   747 | D        | Gained mutation: You have a pair of horns on your head. [demonic ancestry]
   747 | D        | Reached XP level 12. HP: 78/78 MP: 21/21
   747 | D        | Received a gift from Yredelemnul (a vampire)
   748 | D        | Killed an acid blob
   750 | D        | Received a gift from Yredelemnul (a flayed ghost)
   750 | D        | Killed an azure jelly
   750 | D        | Reached skill level 15 in Long Blades
   751 | D        | Received a gift from Yredelemnul (a vampire knight)
   753 | D        | Killed an acid blob
   755 | D        | Reached skill level 15 in Shields
   757 | D        | Received a gift from Yredelemnul (a phantasmal warrior)
   787 | D        | Entered arena 18.
   793 | D        | Found a transporter.
   795 | D        | Reached skill level 15 in Armour
   796 | D        | Received a gift from Yredelemnul (a flayed ghost)
   796 | D        | Received a gift from Yredelemnul (a flayed ghost)
   799 | D        | Upgraded the game from 0.21-a0-59-g7b0e191 to 0.21-a0-153-g78480df
   803 | D        | Received a gift from Yredelemnul (a vampire knight)
   803 | D        | Received a gift from Yredelemnul (a phantasmal warrior)
   807 | D        | Received a gift from Yredelemnul (a vampire knight)
   807 | D        | Received a gift from Yredelemnul (a phantasmal warrior)
   807 | D        | Received a gift from Yredelemnul (a ghoul)
   807 | D        | Received a gift from Yredelemnul (a skeletal warrior)
   807 | D        | Received a gift from Yredelemnul (a vampire knight)
   819 | D        | Got the ring of Wymmu {+Blink +Inv rN+ Int-4}
   883 | D        | Entered arena 19.
   887 | D        | Noticed a balrug
   888 | D        | Found a transporter.
   893 | D        | Received a gift from Yredelemnul (a flayed ghost)
   893 | D        | Reached skill level 10 in Evocations
   895 | D        | Killed a balrug
   896 | D        | Received a gift from Yredelemnul (a flayed ghost)
   896 | D        | Received a gift from Yredelemnul (a vampire)
   896 | D        | Received a gift from Yredelemnul (a vampire knight)
   969 | D        | Entered arena 20.
   974 | D        | Noticed a fire dragon
   974 | D        | Noticed a fire giant
   974 | D        | Noticed a fire giant
   974 | D        | Noticed a fire dragon
   974 | D        | Noticed a fire dragon
   974 | D        | Noticed a fire giant
   975 | D        | Noticed a hell hog
   975 | D        | Noticed a fire dragon
   975 | D        | Noticed a fire giant
   975 | D        | Noticed a fire giant
   975 | D        | Noticed a fire giant
   975 | D        | Noticed a fire dragon
   979 | D        | Found a transporter.
   981 | D        | Received a gift from Yredelemnul (a flayed ghost)
   981 | D        | Received a gift from Yredelemnul (a vampire knight)
   981 | D        | Received a gift from Yredelemnul (a skeletal warrior)
   983 | D        | Killed a fire dragon
   985 | D        | Killed a hell hog
   986 | D        | Killed a fire dragon
   986 | D        | Reached skill level 5 in Fighting
   986 | D        | Killed a fire dragon
   987 | D        | Received a gift from Yredelemnul (a ghoul)
   987 | D        | Received a gift from Yredelemnul (a phantasmal warrior)
   987 | D        | Killed a fire dragon
   988 | D        | Killed a fire giant
   989 | D        | Killed a fire giant
   989 | D        | Reached skill level 5 in Dodging
   990 | D        | Received a gift from Yredelemnul (a skeletal warrior)
   990 | D        | Received a gift from Yredelemnul (a phantasmal warrior)
   991 | D        | Killed a fire dragon
   992 | D        | Killed a fire giant
   992 | D        | Gained mutation: You have hooves in place of feet. [demonic ancestry]
   992 | D        | Reached XP level 13. HP: 69/95 MP: 22/22
   992 | D        | Killed a fire giant
   993 | D        | Received a gift from Yredelemnul (a phantasmal warrior)
   993 | D        | Received a gift from Yredelemnul (a ghoul)
  1012 | D        | Got the ring of Iqebb {*Corrode rElec rC+ Str+4 Stlth+}
  1043 | D        | Identified the Handbook of Evil (You found it in the Dungeon)
  1074 | D        | Learned a level 8 spell: Necromutation
  1074 | D        | Entered arena 21.
  1078 | D        | Noticed Waoxid the pandemonium lord
  1078 | D        | Noticed Avaw the pandemonium lord
  1078 | D        | Noticed an Executioner
  1079 | D        | Noticed Ryzukui the pandemonium lord
  1079 | D        | Noticed Rokesk the pandemonium lord
  1079 | D        | Noticed Zucseh Monn the pandemonium lord
  1079 | D        | Noticed Astawnog the pandemonium lord
  1079 | D        | Noticed Geicoom the pandemonium lord
  1079 | D        | Noticed Eseinur the pandemonium lord
  1079 | D        | Noticed Boupugan the pandemonium lord
  1079 | D        | Noticed an Ice Fiend
  1079 | D        | Noticed a Hell Sentinel
  1080 | D        | Noticed Kelly the pandemonium lord
  1080 | D        | Noticed an infernal black sun
  1080 | D        | Noticed Hiciloys the pandemonium lord
  1080 | D        | Noticed Bateilah the pandemonium lord
  1080 | D        | Noticed Hoysoh the pandemonium lord
  1080 | D        | Noticed Muofif the pandemonium lord
  1081 | D        | Noticed Tuonwyisch the pandemonium lord
  1081 | D        | Killed an Executioner
  1081 | D        | Reached skill level 1 in Spellcasting
  1081 | D        | Reached skill level 1 in Necromancy
  1083 | D        | Noticed a blizzard demon
  1084 | D        | Noticed a shadow dragon
  1084 | D        | Slain by Rokesk the pandemonium lord

Vault maps used:
D:        sprint_v

Skill      XL: |  1  2  3  4  5  6  7  8  9 10 11 12 13 |
---------------+----------------------------------------+-----
Long Blades    | 4 8 9 11 12 13 14 16 | 16.4
Armour         | 3 7 9 10 11 12 14 16 | 16.2
Shields        | 3 7 9 10 11 13 14 15 | 15.2
Invocations    | 8 10 12 | 12.9
Evocations     | 8 10 | 10.4
Fighting       | 6 7 |  7.1
Dodging        | 5 6 |  6.0
Spellcasting   | 1 |  1.2
Necromancy     | 1 |  1.4
Throwing       | |  1.7

Action                   |  1- 3 |  4- 6 |  7- 9 | 10-12 | 13-15 || total
-------------------------+-------+-------+-------+-------+-------++-------
Melee: Demon blade       |       |    12 |    86 |   126 |     2 ||   226
       Kick              |       |       |     3 |    63 |     1 ||    67
       Headbutt          |       |       |       |    33 |       ||    33
Invok: Injury Mirror     |       |       |       |     2 |     1 ||     3
Evoke: Wand              |     2 |     4 |       |       |       ||     6
  Use: Potion            |     1 |     2 |     2 |     7 |     1 ||    13
       Scroll            |       |       |       |     9 |       ||     9
 Stab: Distracted        |       |       |     1 |     4 |       ||     5
  Eat: Chunk             |       |       |       |     9 |       ||     9
Armor: Gold dragon scale |       |     5 |    39 |    51 |     5 ||   100
Dodge: Dodged            |       |     1 |       |     9 |       ||    10
Block: Shield            |     1 |    12 |   223 |   165 |    15 ||   416
       Reflection        |       |       |     3 |     2 |       ||     5
       Rpst.: Demon blade |       |       |       |     3 |       ||     3
